 Dungeon Crawl Stone Soup version 0.26-a0-8-gc4d20be10f (webtiles) character file.

Game seed: 2171361906055313988, levelgen mode: deterministic

525 elkan the Shield-Bearer (level 7, 0/62 HPs)
             Began as a Minotaur Fighter on May 24, 2020.
             Was an Initiate of Okawaru.
             Slain by a hound (3 damage)
             ... on level 6 of the Dungeon.
             The game lasted 00:18:15 (5020 turns).

elkan the Shield-Bearer (Minotaur Fighter)          Turns: 5020, Time: 00:18:16

Health: 0/62       AC: 10    Str: 22      XL:     7   Next: 2%
Magic:  6/6        EV:  8    Int:  5      God:    Okawaru [......]
Gold:   316        SH: 10    Dex:  9 (10) Spells: 6/6 levels left

rFire    . . .     SeeInvis .   a - +1 war axe
rCold    . . .     Gourm    .   c - +0 kite shield
rNeg     . . .     Faith    .   b - +0 scale mail
rPois    .         Spirit   .   (helmet restricted)
rElec    .         Reflect  .   (no cloak)
rCorr    .         Harm     .   (no gloves)
MR       .....                  z - +2 pair of boots {Fly}
Stlth    ..........             (no amulet)
HPRegen  0.20/turn              (no ring)
MPRegen  0.10/turn              (no ring)

@: flying
A: retaliatory headbutt, horns 2
a: Renounce Religion, Stop Flying


You were on level 6 of the Dungeon.
You worshipped Okawaru.
Okawaru was noncommittal.
You were not hungry.

You visited 1 branch of the dungeon, and saw 6 of its levels.

You collected 316 gold pieces.

Inventory:

Hand Weapons
 a - a +1 war axe (weapon)
Armour
 b - a +0 scale mail (worn)
 c - a +0 kite shield (worn)
 m - a +0 pair of boots
 w - a +2 helmet
 z - a +2 pair of boots of flying (worn)
Jewellery
 n - an uncursed ring of stealth {unknown}
 q - a +4 ring of slaying {unknown}
 v - an uncursed ring of resist corrosion {unknown}
 y - an uncursed amulet of reflection {unknown}
 D - a +4 ring of evasion {unknown}
Wands
 t - a wand of flame (18)
 x - a wand of polymorph (18)
Scrolls
 j - 2 scrolls of teleportation
 l - a scroll of amnesia
 u - a scroll of enchant armour
Potions
 d - a potion of might
 e - 4 potions of curing
 h - 3 potions of stabbing {unknown}
 i - 2 potions of lignification {unknown}
 k - a potion of degeneration {unknown}
 p - 4 potions of invisibility
 r - a potion of magic {unknown}
 s - 2 potions of berserk rage {unknown}
 B - a potion of flight {unknown}
 C - a potion of haste {unknown}
 F - a potion of cancellation {unknown}
Comestibles
 f - 9 rations
 A - 5 chunks of flesh


   Skills:
 + Level 5.7 Fighting
 + Level 4.9 Axes
 + Level 5.6 Armour
 + Level 5.8 Shields


You had 6 spell levels left.
You didn't know any spells.
Your spell library contained the following spells:

 Spells                   Type           Power        Failure   Level  Hunger
 Animate Skeleton         Necr           N/A          99%         1    ##.....


Dungeon Overview and Level Annotations

Branches:
Dungeon (6/15)
 Temple: D:4-7

Altars:
Ashenzari
Dithmenos
Fedhas
Gozag
Kikubaaqudgha
Makhleb
Okawaru
Sif Muna
Uskayaw
Vehumet

Annotations:
D:4 Pikel
D:6 coffeespoons's ghost, novice MfMo


Innate Abilities, Weirdness & Mutations

You reflexively headbutt those who attack you in melee.
You have a pair of horns on your head.


Message History

The hound barely misses you.
The giant cockroach zombie bites you but does no damage.
You miss the hound.
You barely miss the giant cockroach zombie.
You block the hound's attack. The hound bites you.
* * * LOW HITPOINT WARNING * * *
You block the giant cockroach zombie's attack.
The hound bites you but does no damage.
The hound stops to sniff the ground.
The hound bites you but does no damage. The hound closely misses you.
You furiously retaliate!
You headbutt the hound. The giant cockroach zombie bites you.
* * * LOW HITPOINT WARNING * * *
That item cannot be evoked!
The hound bites you.
* * * LOW HITPOINT WARNING * * *
Found a stone staircase leading down.
The hound bites you but does no damage. The hound bites you.
You die...

###..#
##........##
#
#........=.#
#..........#
#..........#
#..........#
#..........#
##Z.......##
##h......##
#@.#######
........##
##.#....#
....>..
#...#...
##.......
#.#.....
#.#......


You could see a hound and a giant cockroach zombie.

Vanquished Creatures
  4 slaves
  3 killer bees
  A scorpion (D:5)
  A quasit (D:6)
  2 orc priests
  A jelly (D:6)
  2 orc wizards
  2 worker ants (D:4)
  A worker ant zombie (D:5)
  5 adders
  An adder skeleton (D:4)
  2 worms
  4 leopard geckos
  10 orcs
  3 bats
  A giant cockroach (D:1)
  7 goblins
  2 hobgoblins (D:1)
  2 jackals (D:4)
  A quokka (D:4)
  A ball python (D:1)
  A frilled lizard (D:3)
  5 kobolds
  6 rats
68 creatures vanquished.

Vanquished Creatures (others)
  An orc wizard (D:5)
1 creature vanquished.

Grand Total: 69 creatures vanquished

Notes
Turn   | Place    | Note
-------+----------+-------------------------------------------
     0 | D:1      | elkan the Minotaur Fighter began the quest for the Orb.
     0 | D:1      | Reached XP level 1. HP: 19/19 MP: 0/0
   258 | D:1      | Reached XP level 2. HP: 27/27 MP: 1/1
   852 | D:2      | Found a burning altar of Makhleb.
  1028 | D:2      | Reached XP level 3. HP: 33/33 MP: 2/2
  1171 | D:2      | Found a hide-covered altar of Uskayaw.
  1178 | D:2      | Found an opulent altar of Gozag.
  1185 | D:2      | Found a shadowy altar of Dithmenos.
  1186 | D:2      | Found a blossoming altar of Fedhas.
  1347 | D:3      | Reached XP level 4. HP: 37/41 MP: 3/3
  1412 | D:3      | Found an iron altar of Okawaru.
  2158 | D:3      | Became a worshipper of Warmaster Okawaru
  2188 | D:5      | Entered Level 5 of the Dungeon
  2236 | D:4      | Found a shattered altar of Ashenzari.
  2359 | D:4      | Reached XP level 5. HP: 27/47 MP: 4/4
  3143 | D:4      | Reached skill level 5 in Fighting
  3143 | D:4      | Reached skill level 5 in Shields
  3401 | D:5      | Noticed a slave
  3402 | D:5      | Noticed Pikel
  3402 | D:5      | Noticed a slave
  3473 | D:4      | Killed a slave
  3531 | D:5      | Killed a slave
  3532 | D:5      | Noticed a slave
  3532 | D:5      | Noticed a slave
  3864 | D:5      | Killed a slave
  3874 | D:5      | Killed a slave
  3878 | D:5      | Reached skill level 5 in Armour
  4082 | D:5      | Found a radiant altar of Vehumet.
  4086 | D:5      | Found an ancient bone altar of Kikubaaqudgha.
  4087 | D:5      | Found a shimmering blue altar of Sif Muna.
  4092 | D:5      | Identified Kikubaaqudgha's Reference Book on Evil Magic
  4351 | D:5      | Reached XP level 6. HP: 36/56 MP: 5/5
  4916 | D:6      | Noticed coffeespoons's ghost (novice MfMo)
  4929 | D:6      | Found a transporter.
  4941 | D:6      | Found a transporter.
  4952 | D:6      | Reached XP level 7. HP: 55/62 MP: 6/6
  5016 | D:6      | HP: 2/62 [hound (3)]
  5020 | D:6      | Slain by a hound

Illustrated notes

Levels and vault maps discovered:
D:1:      mushboom_english_gardens, layout_basic, skrybe_limestone_x
D:2:      layout_basic, bloody_makhleb, minitemple, first_ration
D:3:      layout_loops_cross, nicolae_overflow_hidden_temple,
          minmay_fountain_box
D:4:      layout_gridville, kennysheep_cluttered_room,
          nicolae_ashenzari_panopticon
D:5:      layout_cave_pools, grunt_temple_overflow_magic_moments, uniq_pikel
D:6:      layout_rooms, grunt_temple_overflow_holy_war,
          nicolae_ru_the_path_less_chosen, gammafunk_ghost_stat_death,
          serial_shops, nicolae_shop_waterfront

Skill      XL: |  1  2  3  4  5 |
---------------+----------------+-----
Armour         | 4 5 |  5.6
Fighting       | 4 5 |  5.7
Shields        | 4 5 |  5.8
Axes           | 3 4 |  4.9

Action                   |  1- 3 |  4- 6 |  7- 9 || total
-------------------------+-------+-------+-------++-------
Melee: War axe           |    60 |   167 |    18 ||   245
       Headbutt          |     5 |    17 |     3 ||    25
Evoke: Wand              |       |     7 |       ||     7
  Use: Scroll            |       |    10 |     3 ||    13
       Potion            |       |     2 |       ||     2
  Eat: Chunk             |     1 |     7 |       ||     8
       Ration            |       |     2 |       ||     2
Armor: Scale mail        |    27 |    98 |    32 ||   157
Dodge: Dodged            |    12 |    65 |    20 ||    97
Block: Kite shield       |    27 |   115 |    27 ||   169

Table legend:
 A = Non-vault XP
 B = Vault XP
 C = Vault XP percentage of total XP
 D = Non-vault monster count
 E = Vault monster count
 F = Vault count percentage of total count
                 A         B        C        D         E       F
            +---------+---------+-------+---------+---------+-------
      Total |     704 |      46 |   6.1 |      64 |       1 |   1.5
            +---------+---------+-------+---------+---------+-------
        D:1 |      32 |       0 |   0.0 |      18 |       0 |   0.0
        D:2 |      15 |       0 |   0.0 |       8 |       0 |   0.0
        D:3 |      69 |       0 |   0.0 |       9 |       0 |   0.0
        D:4 |     183 |       0 |   0.0 |      15 |       0 |   0.0
        D:5 |     296 |       0 |   0.0 |      10 |       0 |   0.0
        D:6 |     109 |      46 |  29.7 |       4 |       1 |  20.0
            +---------+---------+-------+---------+---------+-------
